 Dungeon Crawl Stone Soup version 0.23.2-40-g277498a001 (webtiles) character file.

Game seed: 13934444976412255064

139 Marnok the Chopper (level 5, 0/47 HPs)
             Began as a Minotaur Berserker on Oct 12, 2019.
             Was a Believer of Trog.
             Slain by Grinder (1 damage)
             ... on level 4 of the Dungeon.
             The game lasted 00:04:43 (2204 turns).

Marnok the Chopper (Minotaur Berserker)             Turns: 2204, Time: 00:04:44

Health: 0/47       AC:  3    Str: 22    XL:     5   Next: 1%
Magic:  4/4        EV: 12    Int:  4    God:    Trog [**....]
Gold:   137        SH:  0    Dex: 10    Spells: 4/4 levels left

rFire    . . .     SeeInvis .   a - +2 hand axe
rCold    . . .     Gourm    .   (no shield)
rNeg     + . .     Faith    .   b - +0 animal skin
rPois    .         Spirit   .   (helmet restricted)
rElec    .         Reflect  .   (no cloak)
rCorr    .         Harm     .   p - +0 pair of gloves
MR       .....                  (no boots)
Stlth    +.........             l - amulet of inaccuracy (curse)
HPRegen  0.15/turn              q - ring of positive energy
MPRegen  0.09/turn              (no ring)

@: no status effects
A: retaliatory headbutt, horns 2
a: Berserk, Trog's Hand, Renounce Religion


You were on level 4 of the Dungeon.
You worshipped Trog.
Trog was pleased with you.
You were very hungry.

You visited 1 branch of the dungeon, and saw 4 of its levels.

You collected 137 gold pieces.

Inventory:

Hand Weapons
 a - a +2 hand axe (weapon)
 i - a cursed -3 dagger
Armour
 b - a +0 animal skin (worn)
 p - a +0 pair of gloves (worn)
Jewellery
 l - a cursed amulet of inaccuracy (around neck)
 q - a ring of positive energy (left hand)
Wands
 j - a wand of polymorph (7)
Scrolls
 d - 2 scrolls of remove curse {unknown}
Potions
 f - a potion of berserk rage
 h - a potion of curing {unknown}
 k - 3 potions of flight {unknown}
 m - 2 potions of might {unknown}
 n - a potion of lignification {unknown}
 o - a potion of degeneration {unknown}
Comestibles
 c - 9 rations


   Skills:
 + Level 4.7 Fighting
 + Level 5.4 Axes
 + Level 2.9 Armour
 + Level 2.9 Dodging
 + Level 0.5 Stealth


You had 4 spell levels left.
You didn't know any spells.
Your spell library was empty.

Dungeon Overview and Level Annotations

Branches:
Dungeon (4/15)
 Temple: D:4-7

Altars:

Annotations:
D:4 Grinder


Innate Abilities, Weirdness & Mutations

You reflexively headbutt those who attack you in melee.
You have a pair of horns on your head.


Message History

Grinder misses you.
You closely miss Grinder.
Grinder is heavily wounded.
Grinder says, "DUCK!"
Grinder barely misses you. You furiously retaliate!
You headbutt Grinder. You closely miss Grinder. You headbutt Grinder.
Grinder is heavily wounded.
Cornered, the orc turns to fight!
Grinder gestures at you. You resist with significant effort.
Unknown command.
You hit Grinder. You headbutt Grinder.
Grinder is severely wounded.
Grinder barely misses you.
You hit Grinder.
Grinder is severely wounded.
Grinder hits you.
* * * LOW HITPOINT WARNING * * *
You writhe in agony.
You die...

*,,**,,,,,,**#.*** #.#***.# *
**,,,,,****** #.# ##.####.#
**,,***** ##.####..##...#####
,,,,,,,**######..##...#..<)......
,,,,,,,**...........###....######
,,,,,,,**.o.....†..## #...##
*********.........## #####
*...%...5.# *.......@)#
*..%......# *.........#
*##########


You could see Grinder and an orc.

Vanquished Creatures
  A hound (D:4)
  Robin (D:2)
  3 adders (D:2)
  2 dart slugs (D:1)
  2 orcs (D:4)
  8 bats
  2 giant cockroaches (D:1)
  14 goblins
  4 hobgoblins (D:2)
  9 jackals
  A frilled lizard (D:2)
  5 kobolds
  11 rats
63 creatures vanquished.

Notes
Turn   | Place    | Note
-------+----------+-------------------------------------------
     0 | D:1      | Marnok the Minotaur Berserker began the quest for the Orb.
     0 | D:1      | Reached XP level 1. HP: 19/19 MP: 0/0
    84 | D:1      | Reached XP level 2. HP: 20/27 MP: 1/1
   192 | D:1      | Reached skill level 4 in Axes
   997 | D:1      | Reached XP level 3. HP: 32/33 MP: 2/2
  1225 | D:2      | Reached ** piety under Trog
  1329 | D:2      | Noticed Robin
  1340 | D:2      | Killed Robin
  1340 | D:2      | Reached XP level 4. HP: 27/41 MP: 3/3
  1831 | D:2      | Reached skill level 5 in Axes
  2183 | D:4      | Noticed Grinder
  2186 | D:4      | Reached XP level 5. HP: 43/47 MP: 4/4
  2190 | D:4      | Paralysed by Grinder for 5 turns
  2204 | D:4      | HP: 1/47 [Grinder (3)]
  2204 | D:4      | Slain by Grinder

Skill      XL: |  1  2  3  4 |
---------------+-------------+-----
Axes           | 4 5 |  5.4
Fighting       | 4 |  4.7
Armour         | |  2.9
Dodging        | |  2.9
Stealth        | |  0.5

Action                   |  1- 3 |  4- 6 || total
-------------------------+-------+-------++-------
Melee: Hand axe          |    59 |    55 ||   114
       Headbutt          |     7 |     7 ||    14
  Use: Potion            |     1 |       ||     1
       Scroll            |       |     6 ||     6
 Stab: Fleeing           |       |     1 ||     1
  Eat: Chunk             |     1 |     2 ||     3
Armor: Animal skin       |    13 |    15 ||    28
Dodge: Dodged            |    34 |    41 ||    75
